 Dungeon Crawl Stone Soup version 0.32-a0-675-gdc239d62e1 (webtiles) character file.

Game seed: 12154735002312169568

436 sokol815 the Trooper (level 7, 0/51 HPs)
             Began as an Octopode Fighter on Mar 12, 2024.
             Was an Initiate of Gozag.
             Slain by an ice beast (7 damage)
             ... on level 5 of the Dungeon.
             The game lasted 00:06:39 (3554 turns).

sokol815 the Trooper (Octopode Fighter)             Turns: 3554, Time: 00:06:39

Health: 0/51       AC:  1    Str: 18    XL:     7   Next: 1%
Magic:  7/7        EV: 13    Int: 10    God:    Gozag
Gold:   167        SH:  9    Dex: 11    Spells: 6/6 levels left

rFire   . . .        a - +1 trident
rCold   . . .        b - +0 buckler
rNeg    . . .        (helmet restricted)
rPois   .            g - amulet of reflection
rElec   .            W - ring of willpower
rCorr   .            (no ring)
SInv    .            (no ring)
Will    +....        (no ring)
Stlth   ++           (no ring)
HPRegen 0.28/turn    (no ring)
MPRegen 0.10/turn    (no ring)
                     (no ring)

%: reflection
@: no status effects
A: almost no armour, amphibious, 8 rings, camouflage 1, gelatinous body 1,
(nimble swimmer 1), tentacles
a: Renounce Religion, Potion Petition, Call Merchant, Bribe Branch


You were on level 5 of the Dungeon.
You worshipped Gozag.
Gozag was aware of your devotion.
You visited 2 branches of the dungeon, and saw 6 of its levels.

You collected 252 gold pieces.
You paid 85 gold pieces to Gozag.

Inventory:

Hand Weapons
 a - a +1 trident (weapon)
 f - the +4 dagger "Feofe" {pain, rPois Int+2}
   (You found it on level 4 of the Dungeon)

   Int+2:     It affects your intelligence (+2).
   rPois:     It protects you from poison.
 k - a +0 antimagic mace
   (You took it off an orc on level 2 of the Dungeon)
 n - a +0 short sword of draining
   (You took it off an orc on level 4 of the Dungeon)
 o - a +1 flail of protection
   (You took it off an orc on level 4 of the Dungeon)
Missiles
 d - 11 poisoned darts
 j - 5 boomerangs
 s - 25 stones
Armour
 b - a +0 buckler (worn)
 m - a +0 kite shield
   (You found it on level 3 of the Dungeon)
Jewellery
 e - an amulet of faith
   (You found it on level 2 of the Dungeon)
 g - an amulet of reflection (around mantle)
   (You found it on level 2 of the Dungeon)
 W - a ring of willpower (left tentacle)
   (You found it on level 5 of the Dungeon)
Wands
 p - a wand of roots (11)
   (You found it on level 5 of the Dungeon)
 q - a wand of flame (12)
   (You found it on level 4 of the Dungeon)
Scrolls
 l - a scroll of fog
Potions
 c - 3 potions of attraction {!q}
 h - a potion of brilliance {unknown}
 i - a potion of enlightenment {unknown}
 r - a potion of mutation {unknown}
 M - a potion of might
 P - 2 potions of lignification {!q}


   Skills:
 + Level 5.7 Fighting
 + Level 5.3 Polearms
 - Level 3.0 Dodging
 - Level 3.0 Shields


You had 6 spell levels left.
You didn't know any spells.
Your spell library contained the following spells:

 Spells                   Type           Power      Damage    Failure   Level
 Haunt                    Necr/Summ      0%         N/A       100%        7
 Borgnjor's Revivificati  Necr           0%         N/A       100%        8
 Infestation              Necr           0%         N/A       100%        8
 Death's Door             Necr           0%         N/A       100%        9
 Animate Dead             Necr           Unusable   N/A       N/A         4

Dungeon Overview and Level Annotations

Branches:
Dungeon (5/15) Zot: 26456  Temple (1/1) D:5 Zot: 5954

Altars:
Ashenzari
Cheibriados
Dithmenos
Elyvilon
Fedhas
Gozag
Hepliaklqana
Makhleb
Nemelex Xobeh
Okawaru
Sif Muna
Vehumet
Wu Jian
Xom
Zin
The Shining One

Shops:
D:5 [


Innate Abilities, Weirdness & Mutations

You cannot wear most types of armour.
You are amphibious.
You can wear up to eight rings at the same time.
Your skin changes colour to match your surroundings (Stealth+).
Your rubbery body absorbs attacks. (AC +1, EV +1)
((You are camouflaged when in or above water. (Stealth+)))
You have tentacles for arms and can constrict up to eight enemies at once.


Message History

You destroy the scorpion zombie!
You have reached level 7!
Health restored: 51; MP restored: 7 You see here a +0 leather armour.
You see here a +0 ring mail.
Done exploring.
You see here a +0 ring mail.
You see here a +0 leather armour.
There is a stone staircase leading down here.
You climb downwards.
There is a stone staircase leading up here.
There are monsters nearby!
The helpless jackal fails to defend itself.
You hit the jackal but do no damage. You grab the jackal.
Your squeeze misses the jackal. You constrict the jackal.
The jackal barks!
The jackal bites you.
You take 2 damage, and have 49/51 hp.
You completely miss the jackal. You constrict the jackal!
You kill the jackal!
You block the jackal's attack.
You closely miss the jackal. You grab the jackal. You squeeze the jackal.
You kill the jackal!
No target in view!
No target in view!
p - a wand of roots (11) Health restored: 51
s - 20 stones (gained 6)
r - a metallic silvery potion
Found Cuiqaz's Armour Shoppe.
There is an entrance to Cuiqaz's Armour Shoppe here.
W - a ring of willpower
W - a ring of willpower (left tentacle)
You see here a +0 pair of gloves.
You see here a +0 pair of gloves.
You see here a +0 club.
You open the door.
Found a staircase to the Ecumenical Temple.
There is an open door here.
There is a staircase to the Ecumenical Temple here.
You climb downwards.
Welcome to the Ecumenical Temple!
Found a staircase back to the Dungeon.
There is a staircase back to the Dungeon here.
There is a fountain of clear blue water here.
You open the door.
Found an opulent altar of Gozag.
There is an open door here.
There is an opulent altar of Gozag here.
You curl up in front of the altar of Gozag.
Gozag welcomes you!
You pay a service fee of 85 gold.
There is an open door here.
There is a staircase back to the Dungeon here.
You climb upwards.
Welcome back to the Dungeon!
There is a staircase to the Ecumenical Temple here.
There is an open door here.
You enter the shallow water.
Found a stone staircase leading down.
A quokka comes into view.
You reach to attack!
The helpless quokka fails to defend itself.
You hit the quokka but do no damage. You hit the quokka. You grab the quokka.
You constrict the quokka.
You kill the quokka!
No target in view!
You now have 167 gold pieces (gained 4).
s - 25 stones (gained 5)
An ice beast comes into view.
You see here a throwing net {!d}.
An orc comes into view. It is wielding a +0 short sword.
The orc shouts!
The ice beast is distracted by your dazzling golden aura.
You reach to attack!
You hit the ice beast but do no damage.
The ice beast is no longer distracted by gold.
An orc comes into view. It is wielding a +0 club.
You hit the ice beast but do no damage. The ice beast hits you.
The ice beast freezes you!
An orc comes into view. It is wielding a +0 dagger.
You take 8 damage, and have 43/51 hp.
You hit the ice beast but do no damage. The ice beast misses you.
An orc comes into view. It is wielding a +0 mace.
You hit the ice beast. The ice beast hits you. The ice beast freezes you!
The ice beast hits you. The ice beast freezes you!
You take 23 damage, and have 20/51 hp.
MASSIVE DAMAGE!!
You are too injured to fight recklessly!
You are too injured to fight recklessly!
Reach: a) +1 trident
Press: ? - help, Dir - move target, f/p - ice beast
Aim: an ice beast (lightly wounded, about 40% to evade your +1 trident)
You reach to attack!
You hit the ice beast. The ice beast hits you. The ice beast freezes you!
* * * LOW HITPOINT WARNING * * *
You take 10 damage, and have 11/51 hp.
You hit the ice beast but do no damage. Your squeeze misses the ice beast.
The ice beast hits you.
* * * LOW HITPOINT WARNING * * *
The ice beast freezes you!
You die...
Your body crumbles into a pile of gold.

##...............#
#..........>...#
#..............##
#..###..........##
#..#
#....####...#######
#.## #...##
##........# #.
#...# ##......##
##...####o(...###
#.....@Yo...##
#########o..# ##..#
#.o# ##.# o. ...
o... .....


You could see an ice beast and 3 orcs.

Vanquished Creatures
  A water moccasin zombie (D:4)
  A water moccasin skeleton (D:4)
  A water moccasin simulacrum (D:4)
  A hound (D:4)
  An orc priest (D:2)
  2 orc wizards (D:4)
  Natasha (D:4)
  A scorpion zombie (D:4)
  A howler monkey zombie (D:4)
  An adder (D:3)
  An adder zombie (D:4)
  A ribbon worm (D:3)
  2 dart slugs
  10 orcs
  8 ball pythons
  7 bats
  7 endoplasms
  5 giant cockroaches
  9 goblins
  10 hobgoblins
  12 jackals
  4 quokkas
  A frilled lizard (D:1)
  8 kobolds
  6 rats
102 creatures vanquished.

Notes
Turn   | Place    | Note
-------+----------+-------------------------------------------
     0 | D:1      | sokol815 the Octopode Fighter began the quest for the Orb.
     0 | D:1      | Reached XP level 1. HP: 16/16 MP: 1/1
    14 | D:1      | Found a faded altar of an unknown god.
   190 | D:1      | Reached XP level 2. HP: 16/21 MP: 2/2
   562 | D:1      | Reached XP level 3. HP: 26/26 MP: 3/3
   917 | D:2      | Reached skill level 3 in Polearms
  1298 | D:2      | Reached XP level 4. HP: 20/33 MP: 4/4
  1300 | D:2      | Reached skill level 4 in Fighting
  1679 | D:3      | Reached XP level 5. HP: 33/38 MP: 5/5
  2302 | D:4      | Reached skill level 4 in Polearms
  2546 | D:4      | Reached skill level 5 in Fighting
  2546 | D:4      | Reached XP level 6. HP: 34/45 MP: 6/6
  2633 | D:4      | Found a radiant altar of Vehumet.
  2735 | D:4      | Found a snail-covered altar of Cheibriados.
  2889 | D:4      | Noticed Natasha
  3034 | D:4      | Killed Natasha
  3050 | D:4      | Reached skill level 5 in Polearms
  3066 | D:4      | Identified the +4 dagger "Feofe" {pain, rPois Int+2}
  3215 | D:4      | Reached XP level 7. HP: 51/51 MP: 7/7
  3263 | D:5      | Entered Level 5 of the Dungeon
  3300 | D:5      | Found Cuiqaz's Armour Shoppe.
  3419 | D:5      | Found a staircase to the Ecumenical Temple.
  3425 | Temple   | Entered the Ecumenical Temple
  3448 | Temple   | Became a worshipper of Gozag Ym Sagoz the Greedy
  3553 | D:5      | HP: 11/51 [ice beast (8)]
  3554 | D:5      | Slain by an ice beast

Illustrated notes

Levels and vault maps discovered:
D:1:      dpeg_arrival_houses_and_road, layout_basic,
          hellmonk_ecumenical_altar_slurped_away, solitary_fountain
D:2:      layout_loops_cross
D:3:      layout_rooms, hangedman_feature_mirror
D:4:      minmay_evil_eye, layout_loops_ring,
          mainiacjoe_overflow_catch_the_wave, dilly_guarded_unrand_morg
D:5:      layout_layer_cave, kennysheep_mini, minmay_temple_entry_fiery,
          serial_shops, nicolae_shop_real_fake_doors, nicolae_shop_crystal,
          shop, uniq_pikel
Temple:   minmay_temple_curvy_branch

Skill      XL: |  1  2  3  4  5  6 |
---------------+-------------------+-----
Polearms       | 3 4 5 |  5.3
Fighting       | 4 5 |  5.7
Dodging        | |  3.0
Shields        | |  3.0

Action                     |  1- 3 |  4- 6 |  7- 9 || total
---------------------------+-------+-------+-------++-------
  Melee: Trident           |    86 |   115 |    11 ||   212
         Constrict         |    17 |    23 |     3 ||    43
         Tentacles         |     9 |    23 |     1 ||    33
    Use: Scroll            |     4 |     5 |       ||     9
         Potion            |       |     1 |       ||     1
   Stab: Sleeping          |    10 |    10 |     2 ||    22
         Distracted        |       |     2 |       ||     2
 Armour: Skin              |    15 |    45 |     6 ||    66
  Dodge: Dodged            |    20 |    22 |     1 ||    43
  Block: Buckler           |     5 |    20 |     1 ||    26
         Reflection        |       |     1 |       ||     1

Table legend: (Time is in decaauts)
 A = Elapsed time spent in this place.
 B = Non-inter-level travel time spent in this place.
 C = Inter-level travel time spent in this place.
 D = Time resting spent in this place.
 E = Time spent auto-exploring this place.
 F = Levels seen in this place.
 G = Mean time per level.
                   A        B        C        D        E       F      G
               +--------+--------+--------+--------+--------+-----+--------+
         Total |   3588 |   3436 |    152 |    338 |   2493 |   6 |  598.0 |
       Dungeon |   3542 |   3434 |    108 |    338 |   2493 |   5 |  708.4 |
        Temple |     45 |      1 |     44 |      0 |      0 |   1 |   45.0 |
               +--------+--------+--------+--------+--------+-----+--------+

Top non-repeatable levels by time:
     D:4: 1178 daAuts
     D:2: 826 daAuts
     D:1: 718 daAuts
     D:3: 573 daAuts
     D:5: 245 daAuts
  Temple: 45 daAuts

Levels and vault maps discovered:
D:1:      dpeg_arrival_houses_and_road, layout_basic,
          hellmonk_ecumenical_altar_slurped_away, solitary_fountain
D:2:      layout_loops_cross
D:3:      layout_rooms, hangedman_feature_mirror
D:4:      minmay_evil_eye, layout_loops_ring,
          mainiacjoe_overflow_catch_the_wave, dilly_guarded_unrand_morg
D:5:      layout_layer_cave, kennysheep_mini, minmay_temple_entry_fiery,
          serial_shops, nicolae_shop_real_fake_doors, nicolae_shop_crystal,
          shop, uniq_pikel
Temple:   minmay_temple_curvy_branch

Table legend: (Time is in decaauts)
 A = Elapsed time spent in this place.
 B = Non-inter-level travel time spent in this place.
 C = Inter-level travel time spent in this place.
 D = Time resting spent in this place.
 E = Time spent auto-exploring this place.
 F = Levels seen in this place.
 G = Mean time per level.
                   A        B        C        D        E       F      G
               +--------+--------+--------+--------+--------+-----+--------+
         Total |   3588 |   3436 |    152 |    338 |   2493 |   6 |  598.0 |
       Dungeon |   3542 |   3434 |    108 |    338 |   2493 |   5 |  708.4 |
        Temple |     45 |      1 |     44 |      0 |      0 |   1 |   45.0 |
               +--------+--------+--------+--------+--------+-----+--------+

Top non-repeatable levels by time:
     D:4: 1178 daAuts
     D:2: 826 daAuts
     D:1: 718 daAuts
     D:3: 573 daAuts
     D:5: 245 daAuts
  Temple: 45 daAuts

Table legend:
 A = Kills in this place as a percentage of kills in the entire game.
 B = Kills by you in this place as a percentage of kills by you in the entire game.
 C = Kills by friends in this place as a percentage of kills by friends in the entire game.
 D = Other kills in this place as a percentage of other kills in the entire game.
 E = Experience gained in this place as a percentage of experience gained in the entire game.
 F = Experience gained in this place divided by the number of levels of this place that you have seen.
                   A       B       C       D       E      F
               +-------+-------+-------+-------+-------+----------------------
         Total | 100.0 | 100.0 |   N/A |   N/A | 100.0 | 104.0
       Dungeon | 100.0 | 100.0 |   N/A |   N/A | 100.0 | 124.8
               +-------+-------+-------+-------+-------+----------------------
